 Dungeon Crawl Stone Soup version 0.31.0-32-g396128a36d (webtiles) character file.

Game seed: 6120777591313992752

130 H0rd4k the Charlatan (level 5, -2/33 HPs)
             Began as an Octopode Artificer on Mar 19, 2024.
             Slain by a gnoll
             ... wielding a +0 club
             ... led by a gnoll bouda
              (7 damage)
             ... on level 3 of the Dungeon.
             The game lasted 00:01:55 (1748 turns).

H0rd4k the Charlatan (Octopode Artificer)           Turns: 1748, Time: 00:01:56

Health: -2/33      AC:  1    Str: 11    XL:     5   Next: 14%
Magic:  5/5        EV: 13    Int: 15    God:
Gold:   81         SH:  0    Dex: 13    Spells: 4/4 levels left

rFire   . .          .
                       - Unarmed
rCold   + . .        (no shield)
rNeg    . . .        (helmet currently unavailable)
rPois   .            (no amulet)
rElec   .            m - ring of protection from cold
rCorr   .            (no ring)
SInv    .            (no ring)
Will    .....        (no ring)
Stlth   +++          (no ring)
HPRegen 0.25/turn    (no ring)
MPRegen 0.09/turn    (no ring)
                     (no ring)

%: no passive effects
@: beast-form
A: beast (slay +1), almost no armour, amphibious, 8 rings, camouflage 1,
gelatinous body 1, (nimble swimmer 1), tentacles
a: Begin Untransformation


You were on level 3 of the Dungeon.
You were a hulking beast.
You visited 1 branch of the dungeon, and saw 4 of its levels.

You collected 81 gold pieces.

Inventory:

Missiles
 l - 3 curare-tipped darts
Jewellery
 m - a ring of protection from cold (left tentacle)
Talismans
 e - a beast talisman (active)
Wands
 b - a wand of flame (13) (quivered)
 c - a wand of charming (11)
 d - a wand of iceblast (5)
Scrolls
 f - 2 scrolls of teleportation {unknown}
 h - a scroll of immolation {unknown}
 i - 2 scrolls of noise {unknown}
 j - a scroll of poison {unknown}
Potions
 a - 2 potions of ambrosia {unknown}
 g - a potion of might {unknown}
 k - a potion of berserk rage {unknown}


   Skills:
 + Level 1.4 Fighting
 - Level 2.3 Dodging
 - Level 1.3 Stealth
 + Level 3.2 Unarmed Combat
 - Level 3.2 Evocations
 * Level 2.5 Shapeshifting


You had 4 spell levels left.
You didn't know any spells.
Your spell library contained the following spells:

 Spells                   Type           Power      Damage    Failure   Level
 Freeze                   Ice            0%         1d3       26%         1
 Frozen Ramparts          Ice            0%         1d1       63%         3
 Hailstorm                Conj/Ice       0%         3d5       63%         3


Dungeon Overview and Level Annotations

Branches:
Dungeon (4/15)
 Temple: D:4-7

Altars:
Dithmenos

Shops:
D:1 [

Annotations:
D:4 Menkaure


Innate Abilities, Weirdness & Mutations

You are a hulking beast.
Your limbs bulge with bestial killing power. (Slay +1)
You cannot wear most types of armour.
You are amphibious.
You can wear up to eight rings at the same time.
Your skin changes colour to match your surroundings (Stealth+).
Your rubbery body absorbs attacks. (AC +1, EV +1)
((You are camouflaged when in or above water. (Stealth+)))
You have tentacles for arms and can constrict up to eight enemies at once.


Message History

Your iguana closely misses the gnoll bouda.
A hobgoblin and an iguana come into view.
The iguana moves out of view.
Your attacks no longer feel as feeble.
You feel a bit more experienced.
Menkaure, Prince of Dust comes into view.
Found a scroll labelled JEIDUM QANANETH.
The hobgoblin hits you.
The hobgoblin attacks as it pursues you!
The hobgoblin closely misses you.
The hobgoblin attacks as it pursues you!
The hobgoblin hits you.
Menkaure shouts!
You hear an angry growl.
The hobgoblin hits you.
The gnoll is no longer moving quickly.
Menkaure forgets how to speak, silenced by the ages.
A black bear comes into view.
The gnoll bouda barks out a call to the hunt!
The gnoll picks up the pace!
You hear a shout!
The hobgoblin attacks as it pursues you!
The hobgoblin hits you.
Found a stone staircase leading up.
The gnoll is no longer moving quickly.
The gnoll bouda barks out a call to the hunt!
The gnoll picks up the pace!
There is a stone staircase leading up here.
The hobgoblin closely misses you. The gnoll hits you with a +0 club!
You climb upwards.
There is a stone staircase leading down here.
You tentacle-slap the hobgoblin. You grab the hobgoblin.
You squeeze the hobgoblin.
You kill the hobgoblin!
The gnoll hits you with a +0 club!
* * * LOW HITPOINT WARNING * * *
You tentacle-slap the gnoll but do no damage.
You grab the gnoll. You squeeze the gnoll.
The gnoll is moderately wounded.
You constrict the gnoll. The gnoll hits you with a +0 club!
You die... #. #. #. #. #. #. #†###.#### #.hg...... #####.####

You could see a gnoll (swift).

Vanquished Creatures
  6 adders
  A ribbon worm (D:2)
  3 dart slugs
  An orc (D:4)
  4 endoplasms
  2 giant cockroaches
  8 goblins
  4 hobgoblins
  4 quokkas
  6 ball pythons
  6 bats
  2 frilled lizards (D:1)
  7 kobolds
  A rat (D:2)
55 creatures vanquished.

Vanquished Creatures (collateral kills)
  A gnoll (D:4)
  2 orcs (D:4)
3 creatures vanquished.

Vanquished Creatures (others)
  A centaur (D:4)
  An iguana (D:4)
  A hobgoblin (D:1)
3 creatures vanquished.

Grand Total: 61 creatures vanquished

Notes
Turn   | Place    | Note
-------+----------+-------------------------------------------
     0 | D:1      | H0rd4k the Octopode Artificer began the quest for the Orb.
     0 | D:1      | Reached XP level 1. HP: 13/13 MP: 1/1
   119 | D:1      | Reached skill level 1 in Unarmed Combat
   119 | D:1      | Reached XP level 2. HP: 12/18 MP: 2/2
   232 | D:1      | Reached skill level 1 in Shapeshifting
   522 | D:1      | Reached XP level 3. HP: 13/23 MP: 3/3
   661 | D:1      | Found Juewom's Armour Shop.
  1122 | D:2      | Reached XP level 4. HP: 28/28 MP: 4/4
  1463 | D:2      | Found a faded altar of an unknown god.
  1466 | D:2      | Found a shadowy altar of Dithmenos.
  1579 | D:2      | You fall into a shaft and drop 2 floors!
  1597 | D:4      | Identified the +0 helmet of Subjectivity {Int-3 Dex+6}
  1676 | D:4      | Noticed a centaur
  1680 | D:4      | Noticed a steam dragon
  1693 | D:4      | Reached XP level 5. HP: 19/33 MP: 5/5
  1730 | D:4      | Noticed Menkaure
  1734 | D:4      | Noticed a black bear
  1748 | D:3      | Slain by a gnoll

Illustrated notes

Levels and vault maps discovered:
D:1:      lemuel_arrival_tunnels, layout_basic, serial_shops, shop,
          minmay_misc_feat_iff, serial_bayou_pond_d
D:2:      layout_basic, ebering_ecumenical_altar_mist, basic_altar,
          st_stairs_11, minmay_tetromino_l4, uniq_terence
D:3:      layout_loops_ring, dk_xom_monty_hall,
          mainiacjoe_overflow_cross_hatched, dancing_weapons_uskayaw,
          led_sif_pool, hellmonk_ghost_happy_afterlife
D:4:      layout_cave_pools, serial_shops, nicolae_shop_peninsula,
          minmay_divided_ellipse, uniq_menkaure

Skill      XL: |  1  2  3  4 |
---------------+-------------+-----
Unarmed Combat | 1 2 3 |  3.2
Shapeshifting  | 1 2 |  2.5
Fighting       | |  1.4
Dodging        | |  2.3
Stealth        | |  1.3
Evocations     | |  3.2

Action                     |  1- 3 |  4- 6 || total
---------------------------+-------+-------++-------
  Melee: Unarmed           |    67 |    46 ||   113
         Tentacles         |    17 |    16 ||    33
         Constrict         |    17 |    15 ||    32
         Punch             |     1 |     1 ||     2
  Evoke: Wand              |     3 |     3 ||     6
   Stab: Sleeping          |     3 |     2 ||     5
 Armour: Skin              |    31 |    34 ||    65
  Dodge: Dodged            |    52 |    18 ||    70
   Form: Beast             |     1 |       ||     1
